 Dungeon Crawl Stone Soup version 0.32-a0-391-gce5c0aab1b (webtiles) character file.

Game seed: 17256004428814275931

1824 LobsterGuardian the Carver (level 8, 0/68 HPs)
             Began as a Demonspawn Monk on Feb 19, 2024.
             Was a Believer of Beogh.
             Slain by Edmund
             ... wielding a +3 flail of protection
              (8 damage)
             ... on level 6 of the Dungeon on Feb 20, 2024.
             The game lasted 00:13:52 (4829 turns).

LobsterGuardian the Carver (Demonspawn Monk)        Turns: 4829, Time: 00:13:53

Health: 0/68       AC:  9    Str: 11    XL:     8   Next: 86%
Magic:  11/11      EV: 12    Int: 11    God:    Beogh [**....]
Gold:   301        SH:  0    Dex: 18    Spells: 7/7 levels left

rFire   . . .        a - +0 falchion
rCold   . . .        d - orb {light}
rNeg    . . .        w - +4 ring mail "Jesahed" {SInv}
rPois   .            (helmet restricted)
rElec   .            (no cloak)
rCorr   +            (no gloves)
SInv    +            (no boots)
Will    .....        j - amulet of the acrobat
Stlth   +            q - ring of resist corrosion
HPRegen 0.31/turn    (no ring)
MPRegen 0.12/turn

%: acrobat
@: weak-willed, weakened, glowing
A: horns 2, weakness stinger 2, strong-willed 1, robust 1, evolution 1
a: Renounce Religion, Smiting


You were on level 6 of the Dungeon.
You worshipped Beogh.
Beogh was pleased with you.
You visited 1 branch of the dungeon, and saw 6 of its levels.

You collected 301 gold pieces.

Inventory:

Hand Weapons
 a - a +0 falchion (weapon)
Armour
 d - an orb of light (worn)
 w - the +4 ring mail "Jesahed" (worn) {SInv}
   (You found it on level 5 of the Dungeon)

   SInv:      It lets you see invisible.
Jewellery
 j - an amulet of the acrobat (around neck)
 q - a ring of resist corrosion (left hand)
Wands
 g - a wand of light (4)
 l - a wand of polymorph (10)
 v - a wand of mindburst (3)
Scrolls
 e - a scroll of poison
 f - a scroll of silence
 h - a scroll of enchant armour
 i - 2 scrolls of vulnerability
 o - a scroll of teleportation {unknown}
 u - a scroll of enchant weapon
Potions
 b - a potion of mutation
 k - a potion of enlightenment
 p - a potion of invisibility
 s - 2 potions of brilliance
 t - a potion of cancellation


   Skills:
 + Level 5.0 Fighting
 * Level 8.6 Long Blades
 + Level 2.4 Armour
 + Level 4.5 Dodging
 * Level 4.4 Invocations


You had 7 spell levels left.
You didn't know any spells.
Your spell library contained the following spells:

 Spells                   Type           Power      Damage    Failure   Level
 Ensorcelled Hibernation  Hex/Ice        0%         N/A       77%         2
 Sublimation of Blood     Necr           0%         N/A       77%         2
 Fugue of the Fallen      Necr           0%         N/A       94%         3
 Anguish                  Hex/Necr       0%         N/A       100%        4
 Petrify                  Alch/Erth      0%         N/A       100%        4
 Irradiate                Conj/Alch      0%         3d11      100%        5


Dungeon Overview and Level Annotations

Branches:
Dungeon (6/15)             Temple (0/1) D:6

Altars:
Makhleb
Nemelex Xobeh
Wu Jian

Shops:
D:5 (

Annotations:
D:4 1 runed translucent door, 2 transporters, Crazy Yiuf; n00bmints's ghost, novice HuBe
D:6 Edmund


Innate Abilities, Weirdness & Mutations

Your facial features look somewhat orcish.
You have a pair of horns on your head.
You have a tail ending in a sharp stinger.
You are strong-willed. (Will+)
You are robust. (+10% HP)
You have hidden genetic potential.


Message History

The gnoll picks up the pace!
Edmund barely misses you.
The orc warrior hits you with a +0 dire flail.
As you read the scroll labelled ICRERI JUEVOT, it crumbles to dust.
It is a scroll of enchant armour.
You aren't carrying any armour which can be enchanted further.
Edmund closely misses you.
The orc warrior hits you with a +0 dire flail.
* * * LOW HITPOINT WARNING * * *
A gnoll comes into view. It is wielding a +0 club.
As you read the scroll labelled ICHODUUFAA, it crumbles to dust.
You hear a loud clanging noise!
It was a scroll of noise.
You hear a bark!
You hear an angry hiss.
You hear a shout!
The gnoll is no longer moving quickly.
Edmund hits you but does no damage. The orc warrior closely misses you.
A hound comes into view.
Unknown command.
As you read the scroll labelled SONUMA KALUV, it crumbles to dust.
Your body is wracked with pain!
* * * LOW HITPOINT WARNING * * *
Edmund convulses!
The orc warrior convulses!
The gnoll bouda convulses!
The gnoll convulses!
The hound convulses!
It was a scroll of torment.
The orc warrior closely misses you.
Unknown command.
Unknown command.
The orc warrior attacks as it pursues you!
The orc warrior hits you with a +0 dire flail.
* * * LOW HITPOINT WARNING * * *
The gnoll bouda gazes fiercely through you!
You feel as though you will be weak longer.
The orc warrior attacks as it pursues you!
The orc warrior completely misses you.
Edmund says, "People will remember me!
They'll remember me and die!"
Okay, then.
As you read the scroll labelled WUEDIE ONUOTZ, it dissolves into smoke.
It was a scroll of fog.
Edmund hits you with a +3 flail of protection!
You die...
Edmund whines, "They better pay attention to me now!"

.......#....##........
#......#...........#.#
......g#....##..))....
......).........).....
.......#h...##...)...) .
.......#....##........
.........#....##........
.....#####.g..##......<.
.....ยงยง@@o..............
.....############.#.....
... #.###### . #.# #.# #.#
#.. ## ### #############
#..


You could see Edmund (blind, unable to see you, weak-willed) and an orc warrior
(weak-willed).

Vanquished Creatures
  Pikel (D:6)
  Sigmund (D:6)
  A steam dragon (D:6)
  A black bear (D:4)
  A centaur (D:5)
  2 scorpions
  2 howler monkeys
  A hound (D:6)
  A gnoll bouda (D:6)
  A jelly (D:5)
  2 orc priests (D:6)
  A sleepcap (D:5)
  2 iguanas (D:5)
  5 orc wizards
  Terence (D:3)
  7 gnolls (D:6)
  7 adders
  2 ufetubi (D:6)
  2 dart slugs
  A ribbon worm (D:3)
  13 orcs
  8 ball pythons
  13 endoplasms
  A giant cockroach (D:4)
  7 goblins
  5 hobgoblins
  12 jackals
  4 quokkas
  7 bats
  3 frilled lizards (D:1)
  7 kobolds
  3 rats (D:1)
125 creatures vanquished.

Vanquished Creatures (others)
  An orc (D:5)
1 creature vanquished.

Grand Total: 126 creatures vanquished

Notes
Turn   | Place    | Note
-------+----------+-------------------------------------------
     0 | D:1      | LobsterGuardian the Demonspawn Monk began the quest for the
                  | Orb.
     0 | D:1      | Reached XP level 1. HP: 18/18 MP: 1/1
    50 | D:1      | Reached skill level 3 in Long Blades
    50 | D:1      | Discovered your monstrous ancestry.
    50 | D:1      | Gained mutation: You have a small tail. [demonic ancestry]
    50 | D:1      | Reached XP level 2. HP: 19/24 MP: 2/2
   217 | D:1      | Reached XP level 3. HP: 27/29 MP: 3/3
   600 | D:1      | Found a faded altar of an unknown god.
  1196 | D:2      | Reached XP level 4. HP: 35/35 MP: 4/4
  1331 | D:2      | Reached skill level 4 in Long Blades
  2031 | D:3      | Gained mutation: You have a tail ending in a sharp stinger.
                  | [demonic ancestry]
  2031 | D:3      | Reached XP level 5. HP: 33/41 MP: 5/5
  2119 | D:3      | Found a sparkling altar of Nemelex Xobeh.
  2215 | D:3      | Noticed Terence
  2227 | D:3      | Killed Terence
  2288 | D:3      | Reached skill level 5 in Long Blades
  2808 | D:4      | Noticed a black bear
  2828 | D:4      | Killed a black bear
  2829 | D:4      | Reached XP level 6. HP: 10/48 MP: 6/6
  3175 | D:4      | Identified the +3 halberd of Radicalism {venom, Will- Str+4
                  | Dex+3 SInv}
  3249 | D:4      | Found a runed translucent door.
  3250 | D:4      | Noticed Crazy Yiuf
  3289 | D:4      | Noticed n00bmints's ghost (novice HuBe)
  3302 | D:4      | Found a transporter.
  3325 | D:4      | Found a transporter.
  3476 | D:5      | Entered Level 5 of the Dungeon
  3484 | D:5      | Reached skill level 6 in Long Blades
  3490 | D:5      | Became a worshipper of Beogh the Shepherd
  3490 | D:5      | Reached * piety under Beogh
  3490 | D:5      | Reached ** piety under Beogh
  3506 | D:5      | Gained mutation: You have a pair of small horns on your
                  | head. [demonic ancestry]
  3506 | D:5      | Reached XP level 7. HP: 33/54 MP: 7/7
  3507 | D:5      | Gained mutation: You occasionally lose the ability to read
                  | scrolls when taking damage. [potion of mutation]
  3507 | D:5      | Gained mutation: You are robust. (+10% HP) [potion of
                  | mutation]
  3613 | D:5      | Identified the +4 ring mail "Jesahed" {SInv}
  3702 | D:5      | Reached skill level 1 in Invocations
  3785 | D:5      | Found a burning altar of Makhleb.
  3891 | D:5      | Found an ornate altar of the Wu Jian Council.
  4037 | D:5      | Found Moat's Antique Weapon Boutique.
  4092 | D:5      | Lost mutation: You are robust. (+10% HP) [potion of
                  | mutation]
  4092 | D:5      | Lost mutation: You occasionally lose the ability to read
                  | scrolls when taking damage. [potion of mutation]
  4092 | D:5      | Gained mutation: You are strong-willed. (Will+) [potion of
                  | mutation]
  4092 | D:5      | Gained mutation: You have hidden genetic potential. [potion
                  | of mutation]
  4138 | D:6      | Found a staircase to the Ecumenical Temple.
  4138 | D:6      | Noticed a steam dragon
  4150 | D:6      | Killed a steam dragon
  4151 | D:6      | Reached skill level 7 in Long Blades
  4393 | D:6      | Noticed Sigmund
  4402 | D:6      | Killed Sigmund
  4403 | D:6      | Reached skill level 1 in Armour
  4403 | D:6      | Gained mutation: You have a pair of horns on your head.
                  | [demonic ancestry]
  4403 | D:6      | Reached XP level 8. HP: 47/61 MP: 8/10
  4476 | D:6      | Identified the +9 war axe "Iguothroe" {venom, rN+ Dex+2}
  4510 | D:6      | Noticed Pikel
  4525 | D:6      | Gained mutation: You are robust. (+10% HP) [hidden
                  | potential]
  4526 | D:6      | Killed Pikel
  4527 | D:6      | Reached skill level 8 in Long Blades
  4799 | D:6      | Noticed Edmund
  4817 | D:6      | Reached skill level 5 in Fighting
  4829 | D:6      | Slain by Edmund

Illustrated notes

Levels and vault maps discovered:
D:1:      amcnicky_arrival_feature_with_door, layout_basic,
          shapermc_ecumenical_altar_flowoftime, minmay_misc_feat_iff,
          roderic_roman_lattice, minmay_cupped
D:2:      layout_loops_ring, chequers_decorated_corner
D:3:      layout_basic, nemelex_dance_club_becter, kennysheep_flooded_box,
          uniq_terence
D:4:      layout_rooms, gammafunk_ghost_gnarly_gnolls, uniq_crazy_yiuf_cottage
D:5:      layout_gridville, lemuel_doored_altar,
          mainiacjoe_overflow_small_starburst, serial_shops,
          nicolae_shop_gibbet_a_chance
D:6:      layout_basic, okawaru_trees_2, minmay_temple_entry_mist,
          minmay_misc_feat_five, uniq_sigmund, uniq_edmund, uniq_pikel

Skill      XL: |  1  2  3  4  5  6  7  8 |
---------------+-------------------------+-----
Long Blades    | 3 4 5 6 7 8 |  8.6
Dodging        | 3 4 |  4.5
Fighting       | 4 5 |  5.0
Invocations    | 2 4 |  4.4
Armour         | 1 2 |  2.4

Action                     |  1- 3 |  4- 6 |  7- 9 || total
---------------------------+-------+-------+-------++-------
  Melee: Falchion          |    75 |   193 |   113 ||   381
         Tailslap          |     9 |    29 |    21 ||    59
         Headbutt          |       |       |    41 ||    41
  Throw: Throwing net      |       |       |     1 ||     1
 Invoke: Convert to Beogh  |       |     1 |       ||     1
  Evoke: Wand              |       |       |     4 ||     4
    Use: Scroll            |     2 |     8 |     7 ||    17
         Potion            |       |     3 |     6 ||     9
   Stab: Sleeping          |       |     1 |       ||     1
         Invisible         |       |       |     3 ||     3
 Armour: Robe              |    28 |   113 |       ||   141
         Ring mail         |       |       |    83 ||    83
  Dodge: Dodged            |    63 |   187 |    86 ||   336

Table legend: (Time is in decaauts)
 A = Elapsed time spent in this place.
 B = Non-inter-level travel time spent in this place.
 C = Inter-level travel time spent in this place.
 D = Time resting spent in this place.
 E = Time spent auto-exploring this place.
 F = Levels seen in this place.
 G = Mean time per level.
                   A        B        C        D        E       F      G
               +--------+--------+--------+--------+--------+-----+--------+
         Total |   4845 |   4497 |    348 |    100 |   3560 |   6 |  807.5 |
       Dungeon |   4845 |   4497 |    348 |    100 |   3560 |   6 |  807.5 |
               +--------+--------+--------+--------+--------+-----+--------+

Top non-repeatable levels by time:
     D:3: 1254 daAuts
     D:1: 967 daAuts
     D:5: 796 daAuts
     D:2: 718 daAuts
     D:4: 558 daAuts
     D:6: 550 daAuts
